 Dungeon Crawl Stone Soup version 0.29.0-4-gdea44cf6ec (webtiles) character file.

Game seed: 18423330586604401583

11858 qw the Blocker (level 11, 0/100 HPs)
             Began as a Troll Cinder Acolyte on Aug 31, 2022.
             Was an Initiate of Ignis.
             Slain by Erica
             ... wielding a +3 scimitar of flaming
              (1 damage)
             ... on level 1 of the Lair of Beasts.
             The game lasted 00:06:17 (8581 turns).

qw the Blocker (Troll Cinder Acolyte)               Turns: 8581, Time: 00:06:17

Health: 0/100      AC:  6    Str: 28    XL:     11   Next: 54%
Magic:  11/11      EV:  8    Int: 10    God:    Ignis [......]
Gold:   1446       SH: 23    Dex: 11    Spells: 12/12 levels left

rFire   + . .      SeeInvis .     - Unarmed
rCold   + . .      Faith    .   b - +2 tower shield {reflect}
rNeg    . . .      Spirit   .   r - +0 troll leather armour
rPois   .          Reflect  +   (helmet restricted)
rElec   .          Harm     .   (no cloak)
rCorr   .          Rampage  .   (gloves unavailable)
Will    .....                   (boots unavailable)
Stlth   +.........              g - amulet of reflection
HPRegen 1.86/turn               c - ring of protection from cold
MPRegen 0.12/turn               d - +6 ring of dexterity

@: no status effects
A: large, unfitting armour, claws 3, regeneration 1, shaggy fur 1, tough skin 1
a: Renounce Religion, Rising Flame


You were on level 1 of the Lair of Beasts.
You worshipped Ignis.
Ignis was noncommittal.
You visited 2 branches of the dungeon, and saw 11 of its levels.
You also visited: Ossuary.

You collected 1511 gold pieces.
You spent 65 gold pieces at shops.


Innate Abilities, Weirdness & Mutations

You are too large for most types of armour.
You have claws for hands.
Your natural rate of healing is unusually fast.
You are covered in fur. (AC +1)
You have tough skin. (AC +1)


   Skills:
 - Level 4.0 Fighting
 - Level 1.5 Throwing
 - Level 2.9 Armour
 - Level 2.0 Dodging
 - Level 12.6 Shields
 + Level 11.1 Unarmed Combat
 - Level 1.0 Spellcasting
 - Level 2.1 Fire Magic


You had 12 spell levels left.
You didn't know any spells.
Your spell library contained the following spells:

 Spells                   Type           Power      Damage    Failure   Level
 Scorch                   Fire           8%         2d5       61%         2

Inventory:

Missiles
 o - a boomerang (quivered)
Armour
 b - a +2 tower shield of reflection (worn)
 r - a +0 troll leather armour (worn)
Jewellery
 a - a ring of resist corrosion
 c - a ring of protection from cold (left claw)
 d - a +6 ring of dexterity (right claw)
 g - an amulet of reflection (around neck)
Scrolls
 h - 3 scrolls of identify
 q - a scroll of enchant armour
Potions
 e - 2 potions of mutation
 f - a potion of resistance
 j - 2 potions of curing
 k - 2 potions of might
 p - 2 potions of haste

Dungeon Overview and Level Annotations

Branches:
Dungeon (9/15)             Temple (0/1) D:7            Lair (2/5) D:9
Ossuary (visited)
  Swamp: Lair:2-3    Shoals: Lair:2-3     Snake: Lair:2-3    Spider: Lair:2-3
    Orc: D:9-12

Altars:
Ashenzari
Cheibriados
Fedhas
Gozag
Makhleb
Okawaru
Qazlal
Ru
Sif Muna
Trog
Vehumet
Yredelemnul

Shops:
D:5 **

Annotations:
Lair:1 Erica


Message History

The bullfrog barely misses you.
8572 ||| DRINKING potion of heal wounds.
You feel much better.
You feel sick. You block the bullfrog's attack. The elephant tramples you!
You hold your ground!
You block the elephant's attack. Something hits you! Something burns you.
You claw the elephant!
The elephant is heavily wounded.
You feel sick. You block the bullfrog's attack. Something hits you!
The elephant tramples you.
You hold your ground!
The elephant barely misses you. You block the bullfrog's attack.
You claw the elephant!
The elephant is severely wounded.
You feel sick. You block the bullfrog's attack. You block something's attack.
You block the elephant's attack. The elephant trunk-slaps you.
You mangle the elephant!!
You kill the elephant!
You feel sick.
You are no longer poisoned.
The bullfrog hits you. Something hits you. You block the bullfrog's attack.
You scratch the bullfrog.
The bullfrog is moderately wounded.
The bullfrog releases a deep croak.
The bullfrog hits you but does no damage.
Something hits you!
You barely miss the bullfrog.
The bullfrog is moderately wounded.
You block the bullfrog's attack. You block something's attack.
You block the bullfrog's attack.
You claw the bullfrog!
The bullfrog is almost dead.
You block the bullfrog's attack. Something hits you.
You claw the bullfrog!
You kill the bullfrog!
You block something's attack.
You closely miss something. Something hits you but does no damage.
You claw something! Something hits you! Something burns you.
You die...

##.### #....## .....# #.....
#....# #....## . ##....#
#.....#.. #.. ..... #...... ..
#...# ... #....# ... #.... #.#
#....####### .#..##...#
#.#####...........
.........####%#@##............
.............%%{.............
.............................
#...........[....$.........
#.#.............####.##.#..##
#......####+##....#..#.# .#
#....<.'........>.#.## . .
##.....#......#...#..# ..
+......#.....#....#.##....


There were no monsters in sight!

Vanquished Creatures
  2 two-headed ogres (D:9)
  2 cane toads (Lair:1)
  3 elephants (Lair:1)
  A troll (D:8)
  2 wyverns
  23 yaks
  Eustachio (D:6)
  Grum (D:8)
  2 steam dragons
  Menkaure (D:4)
  Edmund (D:4)
  Duvessa (D:4)
  3 water moccasins (Lair:1)
  An acid dragon (D:9)
  3 ice beasts
  An orc warrior (D:8)
  A sky beast (D:7)
  Pargi (D:4)
  3 black bears
  2 wolves (D:8)
  An ogre (D:5)
  3 centaurs
  2 phantoms
  A kobold brigand (D:7)
  2 elf zombies (Ossuary)
  7 bullfrogs
  4 wights (D:8)
  Dowan (D:4)
  4 killer bees (D:9)
  3 howler monkeys
  2 centaur zombies (Ossuary)
  4 hounds
  2 gnoll boudas
  4 orc priests
  3 jellies
  Jessica (D:3)
  5 iguanas
  18 orc wizards
  3 hound zombies (Ossuary)
  3 mummies (Ossuary)
  Robin (D:4)
  5 gnolls
  8 adders
  A shadow imp (D:7)
  3 adder zombies (Ossuary)
  A worm (D:2)
  2 dart slugs
  33 orcs
  4 endoplasms
  2 gnoll zombies (Ossuary)
  23 goblins
  14 hobgoblins
  12 jackals
  6 quokkas
  9 ball pythons
  10 bats
  3 frilled lizards
  2 goblin zombies (Ossuary)
  5 hobgoblin zombies (Ossuary)
  2 jackal zombies (Ossuary)
  7 kobolds
  2 kobold zombies (Ossuary)
  2 orc zombies (Ossuary)
  6 quokka zombies (Ossuary)
  7 rats
  4 rat zombies (Ossuary)
  A butterfly (D:7)
303 creatures vanquished.

Vanquished Creatures (others)
  A kobold (D:3)
  A fungus (Lair:1)
2 creatures vanquished.

Grand Total: 305 creatures vanquished

Notes
Turn   | Place    | Note
-------+----------+-------------------------------------------
     0 | D:1      | qw the Troll Cinder Acolyte began the quest for the Orb.
     0 | D:1      | Reached XP level 1. HP: 22/22 MP: 1/1
     0 | D:1      | 0 ||| qw: Version: 0.1-a-97-g2dd2ca4
     0 | D:1      | 0 ||| qw: Game counter: 4619
     0 | D:1      | 0 ||| qw: Always use a shield: true
     0 | D:1      | 0 ||| qw: God list: Okawaru
     0 | D:1      | 0 ||| qw: Allow faded altars: false
     0 | D:1      | 0 ||| qw: Do Orc after D:15 true
     0 | D:1      | 0 ||| qw: Do second Lair branch before Depths: true
     0 | D:1      | 0 ||| qw: Lair rune preference: random
     0 | D:1      | 0 ||| qw: Plans: Normal
     0 | D:1      | 0 ||| PLANNING D:1-11
   139 | D:1      | 139 ||| Stepping ~*~*~tactically~*~*~ (stealth).
   141 | D:1      | 141 ||| Stepping ~*~*~tactically~*~*~ (stealth).
   164 | D:1      | Reached XP level 2. HP: 29/29 MP: 2/2
   448 | D:1      | Found a faded altar of an unknown god.
   449 | D:1      | Noticed a shining eye
   451 | D:1      | 451 ||| UPGRADING to ring of protection from cold.
   452 | D:1      | 452 ||| UPGRADING to +6 ring of dexterity.
   453 | D:1      | 453 ||| READING scroll labelled XAAZOU XIYXY.
   453 | D:1      | Identified a scroll of acquirement
   453 | D:1      | 453 ||| ACQUIRING +2 tower shield of reflection
   453 | D:1      | Acquired a +2 tower shield of reflection
   454 | D:1      | 454 ||| READING scroll labelled GIGIPN QITY.
   460 | D:1      | Noticed a golden eye
   460 | D:1      | Noticed a floating eye
   460 | D:1      | Noticed a floating eye
   602 | D:1      | Reached XP level 3. HP: 36/36 MP: 3/3
   608 | D:1      | 608 ||| Stepping ~*~*~tactically~*~*~ (stealth).
   609 | D:1      | 609 ||| Stepping ~*~*~tactically~*~*~ (stealth).
   615 | D:1      | 615 ||| Stepping ~*~*~tactically~*~*~ (stealth).
   618 | D:1      | 618 ||| Stepping ~*~*~tactically~*~*~ (stealth).
   645 | D:1      | 645 ||| Stepping ~*~*~tactically~*~*~ (stealth).
   648 | D:1      | 648 ||| Stepping ~*~*~tactically~*~*~ (stealth).
   859 | D:1      | You fall into a shaft and drop 1 floor!
   951 | D:2      | 951 ||| UPGRADING to +2 tower shield of reflection.
   956 | D:2      | 956 ||| UPGRADING to amulet of reflection.
   961 | D:2      | 961 ||| DROPPING amulet of regeneration.
   962 | D:2      | 962 ||| READING scroll labelled ESARA AG LUI.
   963 | D:2      | 963 ||| READING 2 scrolls labelled LICESI JEMMA.
   964 | D:2      | 964 ||| READING scroll labelled KEHIGU IQASYE.
   987 | D:2      | 987 ||| READING scroll labelled OTSEGO FIHUUG.
   988 | D:2      | 988 ||| DROPPING scroll of immolation.
   999 | D:2      | Reached skill level 1 in Shields
  1024 | D:2      | 1024 ||| READING scroll labelled COQEDEU CYOWK.
  1025 | D:2      | 1025 ||| READING 2 scrolls of identify.
  1025 | D:2      | 1025 ||| IDENTIFYING bubbling clear potion
  1026 | D:2      | 1026 ||| DROPPING potion of berserk rage.
  1064 | D:2      | 1064 ||| DRINKING 2 emerald potions.
  1340 | D:1      | 1340 ||| READING scroll labelled LEAPUQ MYUSAU.
  1380 | D:2      | 1380 ||| STAIRDANCE
  1391 | D:2      | Reached XP level 4. HP: 43/44 MP: 4/4
  1619 | D:2      | Reached skill level 2 in Shields
  1757 | D:3      | Found a broken altar of Ashenzari.
  1765 | D:3      | 1765 ||| Stepping ~*~*~tactically~*~*~ (stealth).
  1767 | D:3      | 1767 ||| Stepping ~*~*~tactically~*~*~ (stealth).
  1771 | D:3      | 1771 ||| Stepping ~*~*~tactically~*~*~ (stealth).
  1772 | D:3      | 1772 ||| Stepping ~*~*~tactically~*~*~ (stealth).
  1958 | D:3      | 1958 ||| DROPPING amulet of guardian spirit.
  1959 | D:3      | 1959 ||| Stepping randomly (stuck).
  2029 | D:3      | 2029 ||| Stepping ~*~*~tactically~*~*~ (stealth).
  2031 | D:3      | 2031 ||| Stepping ~*~*~tactically~*~*~ (stealth).
  2324 | D:3      | Reached XP level 5. HP: 50/50 MP: 5/5
  2342 | D:3      | Noticed Jessica
  2343 | D:3      | 2343 ||| Stepping ~*~*~tactically~*~*~ (hiding).
  2344 | D:3      | 2344 ||| Stepping ~*~*~tactically~*~*~ (hiding).
  2351 | D:3      | Killed Jessica
  2352 | D:3      | Reached skill level 3 in Shields
  2360 | D:3      | 2360 ||| Stepping ~*~*~tactically~*~*~ (stealth).
  2361 | D:3      | 2361 ||| Stepping ~*~*~tactically~*~*~ (stealth).
  2362 | D:3      | 2362 ||| Stepping ~*~*~tactically~*~*~ (stealth).
  2363 | D:3      | 2363 ||| Stepping ~*~*~tactically~*~*~ (stealth).
  2555 | D:3      | 2555 ||| UPGRADING to +1 robe.
  2565 | D:3      | 2565 ||| DROPPING +0 robe.
  2566 | D:3      | 2566 ||| READING 3 scrolls of identify.
  2566 | D:3      | 2566 ||| IDENTIFYING murky grey potion
  2588 | D:4      | Noticed Menkaure
  2589 | D:4      | 2589 ||| Stepping ~*~*~tactically~*~*~ (hiding).
  2598 | D:4      | 2598 ||| INVOKING Fiery Armour.
  2599 | D:4      | HP: 11/50 [Menkaure/nerve-wracking pain (6)]
  2600 | D:4      | 2600 ||| READING scroll of teleportation.
  2602 | D:4      | Killed Menkaure
  2603 | D:4      | Reached skill level 4 in Shields
  2603 | D:4      | Reached XP level 6. HP: 11/59 MP: 6/6
  2709 | D:4      | Noticed Duvessa
  2710 | D:4      | 2710 ||| Stepping ~*~*~tactically~*~*~ (stealth).
  2711 | D:4      | Noticed Dowan
  2712 | D:4      | 2712 ||| Stepping ~*~*~tactically~*~*~ (stealth).
  2714 | D:4      | 2714 ||| Stepping ~*~*~tactically~*~*~ (hiding).
  2719 | D:4      | 2719 ||| INVOKING Fiery Armour.
  2722 | D:4      | Killed Duvessa
  2723 | D:4      | Reached skill level 5 in Shields
  2725 | D:4      | Killed Dowan
  2767 | D:4      | Reached XP level 7. HP: 66/66 MP: 7/7
  2774 | D:4      | Noticed Edmund
  2782 | D:4      | Killed Edmund
  2783 | D:4      | Reached skill level 6 in Shields
  2903 | D:4      | Noticed Pargi
  2916 | D:4      | Killed Pargi
  2933 | D:4      | 2933 ||| Stepping ~*~*~tactically~*~*~ (stealth).
  2935 | D:4      | 2935 ||| Stepping ~*~*~tactically~*~*~ (stealth).
  3027 | D:4      | 3027 ||| Stepping ~*~*~tactically~*~*~ (stealth).
  3121 | D:4      | Found a shimmering blue altar of Sif Muna.
  3196 | D:4      | Found a bloodstained altar of Trog.
  3196 | D:4      | Found an iron altar of Okawaru.
  3344 | D:4      | Reached skill level 7 in Shields
  3431 | D:4      | 3431 ||| Stepping ~*~*~tactically~*~*~ (outnumbered).
  3445 | D:4      | 3445 ||| Stepping ~*~*~tactically~*~*~ (outnumbered).
  3446 | D:4      | 3446 ||| Stepping ~*~*~tactically~*~*~ (outnumbered).
  3447 | D:4      | 3447 ||| Stepping ~*~*~tactically~*~*~ (outnumbered).
  3449 | D:4      | 3449 ||| Stepping ~*~*~tactically~*~*~ (outnumbered).
  3450 | D:4      | 3450 ||| Stepping ~*~*~tactically~*~*~ (outnumbered).
  3453 | D:4      | 3453 ||| Stepping ~*~*~tactically~*~*~ (outnumbered).
  3454 | D:4      | 3454 ||| Stepping ~*~*~tactically~*~*~ (outnumbered).
  3534 | D:4      | 3534 ||| Stepping ~*~*~tactically~*~*~ (stealth).
  3535 | D:4      | 3535 ||| INVOKING Fiery Armour.
  3536 | D:4      | 3536 ||| Stepping ~*~*~tactically~*~*~ (stealth).
  3540 | D:4      | 3540 ||| Stepping ~*~*~tactically~*~*~ (outnumbered).
  3542 | D:4      | 3542 ||| Stepping ~*~*~tactically~*~*~ (outnumbered).
  3543 | D:4      | 3543 ||| Stepping ~*~*~tactically~*~*~ (outnumbered).
  3546 | D:4      | 3546 ||| Stepping ~*~*~tactically~*~*~ (outnumbered).
  3547 | D:4      | 3547 ||| Stepping ~*~*~tactically~*~*~ (outnumbered).
  3548 | D:4      | 3548 ||| Stepping ~*~*~tactically~*~*~ (outnumbered).
  3560 | D:4      | Identified the +1 helmet of the Iron Devil {Harm SInv}
  3560 | D:4      | Noticed Robin
  3561 | D:4      | 3561 ||| Stepping ~*~*~tactically~*~*~ (hiding).
  3567 | D:4      | Killed Robin
  3651 | D:4      | 3651 ||| Stepping ~*~*~tactically~*~*~ (hiding).
  3820 | D:4      | 3820 ||| UPGRADING to +2 animal skin.
  3830 | D:4      | 3830 ||| DROPPING +1 robe.
  3831 | D:4      | 3831 ||| READING scroll labelled FOOPPA DIRU.
  3832 | D:4      | 3832 ||| READING scroll labelled BUHOUKHLIXA.
  3833 | D:4      | 3833 ||| DRINKING 2 smoky golden potions.
  3834 | D:4      | 3834 ||| READING 5 scrolls of identify.
  3834 | D:4      | 3834 ||| IDENTIFYING sedimented purple potion
  3835 | D:4      | 3835 ||| DROPPING potion of lignification.
  3854 | D:5      | Entered Level 5 of the Dungeon
  3874 | D:5      | 3874 ||| DRINKING 3 potions of curing.
  3874 | D:5      | 3874 ||| (to cure confusion)
  3875 | D:5      | 3875 ||| DRINKING 2 potions of curing.
  3875 | D:5      | 3875 ||| (to cure confusion)
  3879 | D:5      | 3879 ||| Stepping ~*~*~tactically~*~*~ (outnumbered).
  3880 | D:5      | 3880 ||| STAIRDANCE
  3888 | D:5      | 3888 ||| STAIRDANCE
  3896 | D:5      | 3896 ||| DRINKING potion of curing.
  3896 | D:5      | 3896 ||| (to cure confusion)
  3902 | D:5      | Reached skill level 1 in Dodging
  3988 | D:5      | Reached XP level 8. HP: 74/74 MP: 8/8
  4067 | D:5      | 4067 ||| READING scroll of acquirement.
  4067 | D:5      | 4067 ||| ACQUIRING 856 gold pieces
  4067 | D:5      | Acquired 856 gold pieces
  4228 | D:5      | Reached skill level 8 in Shields
  4309 | D:5      | Found Doamewn's Specific Store.
  4312 | D:5      | Found Vuratoe's General Store.
  4321 | D:5      | 4321 ||| BUYING potion of heal wounds (65 gold).
  4321 | D:5      | Bought a potion of heal wounds for 65 gold pieces
  4555 | D:5      | 4555 ||| READING 2 scrolls labelled ZEAHIA AMUJAWI.
  4556 | D:5      | 4556 ||| READING 5 scrolls of identify.
  4556 | D:5      | 4556 ||| IDENTIFYING inky potion
  4557 | D:5      | 4557 ||| DROPPING potion of invisibility.
  4558 | D:5      | 4558 ||| DROPPING scroll of magic mapping.
  4576 | D:6      | 4576 ||| PLANNING OSSUARY
  4584 | D:6      | 4584 ||| Stepping ~*~*~tactically~*~*~ (stealth).
  4586 | D:6      | 4586 ||| Stepping ~*~*~tactically~*~*~ (stealth).
  4588 | D:6      | 4588 ||| DRINKING 2 potions of curing.
  4588 | D:6      | 4588 ||| (to cure confusion)
  4589 | D:6      | 4589 ||| Stepping ~*~*~tactically~*~*~ (hiding).
  4595 | D:6      | 4595 ||| Stepping ~*~*~tactically~*~*~ (outnumbered).
  4596 | D:6      | 4596 ||| Stepping ~*~*~tactically~*~*~ (outnumbered).
  4597 | D:6      | 4597 ||| Stepping ~*~*~tactically~*~*~ (outnumbered).
  4654 | D:6      | Reached skill level 6 in Unarmed Combat
  4683 | D:6      | Found a sand-covered staircase.
  4691 | Ossuary  | Entered an ossuary
  4698 | Ossuary  | 4698 ||| Stepping ~*~*~tactically~*~*~ (stealth).
  4701 | Ossuary  | 4701 ||| Stepping ~*~*~tactically~*~*~ (stealth).
  4702 | Ossuary  | 4702 ||| Stepping ~*~*~tactically~*~*~ (stealth).
  4704 | Ossuary  | 4704 ||| Stepping ~*~*~tactically~*~*~ (stealth).
  4705 | Ossuary  | 4705 ||| Stepping ~*~*~tactically~*~*~ (stealth).
  4714 | Ossuary  | 4714 ||| Stepping ~*~*~tactically~*~*~ (stealth).
  4727 | Ossuary  | 4727 ||| Stepping ~*~*~tactically~*~*~ (stealth).
  4729 | Ossuary  | 4729 ||| Stepping ~*~*~tactically~*~*~ (stealth).
  4730 | Ossuary  | 4730 ||| Stepping ~*~*~tactically~*~*~ (stealth).
  4731 | Ossuary  | 4731 ||| Stepping ~*~*~tactically~*~*~ (stealth).
  4734 | Ossuary  | 4734 ||| Stepping ~*~*~tactically~*~*~ (stealth).
  4736 | Ossuary  | 4736 ||| Stepping ~*~*~tactically~*~*~ (outnumbered).
  4737 | Ossuary  | 4737 ||| Stepping ~*~*~tactically~*~*~ (outnumbered).
  4738 | Ossuary  | 4738 ||| Stepping ~*~*~tactically~*~*~ (outnumbered).
  4764 | Ossuary  | 4764 ||| Stepping ~*~*~tactically~*~*~ (stealth).
  4775 | Ossuary  | 4775 ||| Stepping ~*~*~tactically~*~*~ (stealth).
  4777 | Ossuary  | 4777 ||| Stepping ~*~*~tactically~*~*~ (stealth).
  4818 | Ossuary  | 4818 ||| Stepping ~*~*~tactically~*~*~ (stealth).
  4823 | Ossuary  | 4823 ||| Stepping ~*~*~tactically~*~*~ (outnumbered).
  4824 | Ossuary  | 4824 ||| INVOKING Fiery Armour.
  4825 | Ossuary  | 4825 ||| Stepping ~*~*~tactically~*~*~ (outnumbered).
  4827 | Ossuary  | 4827 ||| Stepping ~*~*~tactically~*~*~ (outnumbered).
  4828 | Ossuary  | 4828 ||| Stepping ~*~*~tactically~*~*~ (outnumbered).
  4832 | Ossuary  | 4832 ||| Stepping ~*~*~tactically~*~*~ (outnumbered).
  4833 | Ossuary  | 4833 ||| Stepping ~*~*~tactically~*~*~ (outnumbered).
  4834 | Ossuary  | 4834 ||| Stepping ~*~*~tactically~*~*~ (outnumbered).
  4916 | Ossuary  | 4916 ||| Stepping ~*~*~tactically~*~*~ (stealth).
  5049 | Ossuary  | 5049 ||| Stepping ~*~*~tactically~*~*~ (stealth).
  5057 | Ossuary  | 5057 ||| READING 5 scrolls of identify.
  5057 | Ossuary  | 5057 ||| IDENTIFYING bubbling cyan potion
  5058 | Ossuary  | 5058 ||| DROPPING potion of brilliance.
  5065 | D:6      | 5065 ||| PLANNING D:1-11
  5074 | D:6      | Found a blossoming altar of Fedhas.
  5238 | D:6      | Reached skill level 9 in Shields
  5375 | D:6      | Noticed Eustachio
  5380 | D:6      | 5380 ||| INVOKING Fiery Armour.
  5385 | D:6      | 5385 ||| Stepping ~*~*~tactically~*~*~ (outnumbered).
  5388 | D:6      | 5388 ||| Stepping ~*~*~tactically~*~*~ (outnumbered).
  5390 | D:6      | 5390 ||| Stepping ~*~*~tactically~*~*~ (outnumbered).
  5392 | D:6      | 5392 ||| Stepping ~*~*~tactically~*~*~ (outnumbered).
  5394 | D:6      | 5394 ||| Stepping ~*~*~tactically~*~*~ (outnumbered).
  5402 | D:6      | 5402 ||| Stepping ~*~*~tactically~*~*~ (outnumbered).
  5410 | D:6      | Killed Eustachio
  5411 | D:6      | Reached XP level 9. HP: 77/80 MP: 9/9
  5468 | D:6      | 5468 ||| Stepping ~*~*~tactically~*~*~ (stealth).
  5470 | D:6      | 5470 ||| Stepping ~*~*~tactically~*~*~ (stealth).
  5471 | D:6      | 5471 ||| Stepping ~*~*~tactically~*~*~ (stealth).
  5477 | D:6      | 5477 ||| INVOKING Fiery Armour.
  5482 | D:6      | 5482 ||| Stepping ~*~*~tactically~*~*~ (outnumbered).
  5483 | D:6      | 5483 ||| Stepping ~*~*~tactically~*~*~ (outnumbered).
  5593 | D:6      | Found a snail-covered altar of Cheibriados.
  5593 | D:6      | Found a basalt altar of Yredelemnul.
  5593 | D:6      | Found a burning altar of Makhleb.
  5593 | D:6      | Found a sacrificial altar of Ru.
  5599 | D:6      | Found a radiant altar of Vehumet.
  5599 | D:6      | Found an opulent altar of Gozag.
  5787 | D:6      | 5787 ||| READING 5 scrolls of identify.
  5787 | D:6      | 5787 ||| IDENTIFYING murky dark potion
  5788 | D:6      | 5788 ||| DROPPING potion of flight.
  5991 | D:7      | 5991 ||| Stepping ~*~*~tactically~*~*~ (hiding).
  5996 | D:7      | 5996 ||| Stepping ~*~*~tactically~*~*~ (outnumbered).
  5999 | D:7      | 5999 ||| Stepping ~*~*~tactically~*~*~ (outnumbered).
  6000 | D:7      | 6000 ||| Stepping ~*~*~tactically~*~*~ (outnumbered).
  6069 | D:7      | Found a staircase to the Ecumenical Temple.
  6085 | D:7      | 6085 ||| Stepping ~*~*~tactically~*~*~ (stealth).
  6087 | D:7      | 6087 ||| Stepping ~*~*~tactically~*~*~ (stealth).
  6116 | D:7      | 6116 ||| Stepping ~*~*~tactically~*~*~ (hiding).
  6120 | D:7      | 6120 ||| Stepping ~*~*~tactically~*~*~ (stealth).
  6121 | D:7      | 6121 ||| Stepping ~*~*~tactically~*~*~ (stealth).
  6186 | D:7      | 6186 ||| Stepping ~*~*~tactically~*~*~ (hiding).
  6187 | D:7      | 6187 ||| Stepping ~*~*~tactically~*~*~ (hiding).
  6191 | D:7      | 6191 ||| INVOKING Fiery Armour.
  6192 | D:7      | 6192 ||| Stepping ~*~*~tactically~*~*~ (outnumbered).
  6210 | D:7      | Reached skill level 10 in Shields
  6225 | D:7      | Reached skill level 3 in Fighting
  6603 | D:7      | 6603 ||| DROPPING scarf of shadows.
  6604 | D:7      | 6604 ||| READING 3 scrolls labelled LUOLUI VO LU FIYH.
  6605 | D:7      | 6605 ||| DROPPING 2 scrolls of amnesia.
  6672 | D:8      | Noticed Grum
  6673 | D:8      | 6673 ||| INVOKING Fiery Armour.
  6675 | D:8      | 6675 ||| Stepping ~*~*~tactically~*~*~ (outnumbered).
  6678 | D:8      | 6678 ||| Stepping ~*~*~tactically~*~*~ (outnumbered).
  6680 | D:8      | 6680 ||| Stepping ~*~*~tactically~*~*~ (outnumbered).
  6689 | D:8      | Killed Grum
  6690 | D:8      | Reached skill level 9 in Unarmed Combat
  6697 | D:8      | Found a stormy altar of Qazlal.
  6704 | D:8      | 6704 ||| Stepping ~*~*~tactically~*~*~ (stealth).
  6708 | D:8      | 6708 ||| Stepping ~*~*~tactically~*~*~ (stealth).
  6713 | D:8      | Reached skill level 1 in Throwing
  6715 | D:8      | 6715 ||| Stepping ~*~*~tactically~*~*~ (outnumbered).
  6718 | D:8      | Reached XP level 10. HP: 91/91 MP: 10/10
  6744 | D:8      | 6744 ||| Stepping ~*~*~tactically~*~*~ (hiding).
  6785 | D:8      | 6785 ||| INVOKING Fiery Armour.
  6788 | D:8      | 6788 ||| Stepping ~*~*~tactically~*~*~ (outnumbered).
  6789 | D:8      | 6789 ||| Stepping ~*~*~tactically~*~*~ (outnumbered).
  6790 | D:8      | 6790 ||| Stepping ~*~*~tactically~*~*~ (outnumbered).
  6792 | D:8      | 6792 ||| Stepping ~*~*~tactically~*~*~ (outnumbered).
  6794 | D:8      | 6794 ||| Stepping ~*~*~tactically~*~*~ (outnumbered).
  6807 | D:8      | 6807 ||| DRINKING 3 potions of curing.
  6807 | D:8      | 6807 ||| (to cure confusion)
  6892 | D:8      | 6892 ||| Stepping ~*~*~tactically~*~*~ (hiding).
  7053 | D:8      | 7053 ||| Stepping ~*~*~tactically~*~*~ (stealth).
  7057 | D:8      | 7057 ||| Stepping ~*~*~tactically~*~*~ (stealth).
  7059 | D:8      | 7059 ||| Stepping ~*~*~tactically~*~*~ (stealth).
  7069 | D:8      | 7069 ||| FLEEEEING.
  7078 | D:8      | 7078 ||| Stepping ~*~*~tactically~*~*~ (stealth).
  7113 | D:8      | Reached skill level 11 in Shields
  7126 | D:8      | 7126 ||| Stepping ~*~*~tactically~*~*~ (stealth).
  7129 | D:8      | 7129 ||| Stepping ~*~*~tactically~*~*~ (stealth).
  7130 | D:8      | 7130 ||| Stepping ~*~*~tactically~*~*~ (outnumbered).
  7131 | D:8      | 7131 ||| Stepping ~*~*~tactically~*~*~ (stealth).
  7132 | D:8      | 7132 ||| Stepping ~*~*~tactically~*~*~ (outnumbered).
  7133 | D:8      | 7133 ||| Stepping ~*~*~tactically~*~*~ (outnumbered).
  7134 | D:8      | 7134 ||| Stepping ~*~*~tactically~*~*~ (outnumbered).
  7135 | D:8      | 7135 ||| Stepping ~*~*~tactically~*~*~ (stealth).
  7138 | D:8      | 7138 ||| Stepping ~*~*~tactically~*~*~ (outnumbered).
  7139 | D:8      | 7139 ||| Stepping ~*~*~tactically~*~*~ (stealth).
  7367 | D:8      | 7367 ||| UPGRADING to +0 steam dragon scales.
  7377 | D:8      | 7377 ||| DROPPING +2 animal skin.
  7378 | D:8      | 7378 ||| UPGRADING to +0 troll leather armour.
  7388 | D:8      | 7388 ||| DROPPING +0 steam dragon scales.
  7389 | D:8      | 7389 ||| READING 2 scrolls labelled CEKOAC MIGACHI.
  7390 | D:8      | 7390 ||| READING scroll labelled VEROSCH ATESAWU.
  7491 | D:8      | 7491 ||| DROPPING scroll of blinking.
  7579 | D:9      | Noticed a two-headed ogre
  7584 | D:9      | Killed a two-headed ogre
  7654 | D:9      | 7654 ||| Stepping ~*~*~tactically~*~*~ (outnumbered).
  7704 | D:9      | Noticed a two-headed ogre
  7714 | D:9      | HP: 16/91 [two-headed ogre/+0 giant spiked club (23)]
  7715 | D:9      | 7715 ||| READING 2 scrolls of teleportation.
  7716 | D:9      | 7716 ||| DRINKING 4 potions of heal wounds.
  7717 | D:9      | 7717 ||| INVOKING Fiery Armour.
  7718 | D:9      | Killed a two-headed ogre
  7720 | D:9      | 7720 ||| Stepping ~*~*~tactically~*~*~ (outnumbered).
  7720 | D:9      | HP: 21/91 [acid dragon/splash of acid (9)]
  7721 | D:9      | 7721 ||| READING scroll of teleportation.
  7721 | D:9      | HP: 9/91 [yak (4)]
  7722 | D:9      | 7722 ||| DRINKING 3 potions of heal wounds.
  7723 | D:9      | 7723 ||| DRINKING 2 potions of heal wounds.
  7818 | D:9      | 7818 ||| DRINKING 2 potions of curing.
  7818 | D:9      | 7818 ||| (to cure confusion)
  7912 | D:9      | 7912 ||| Stepping ~*~*~tactically~*~*~ (stealth).
  7915 | D:9      | 7915 ||| INVOKING Fiery Armour.
  7922 | D:9      | Reached XP level 11. HP: 74/98 MP: 11/11
  7925 | D:9      | 7925 ||| FLEEEEING.
  7926 | D:9      | 7926 ||| FLEEEEING.
  7928 | D:9      | 7928 ||| FLEEEEING.
  7929 | D:9      | 7929 ||| FLEEEEING.
  7930 | D:9      | 7930 ||| FLEEEEING.
  7931 | D:9      | 7931 ||| FLEEEEING.
  7932 | D:9      | 7932 ||| FLEEEEING.
  7933 | D:9      | 7933 ||| FLEEEEING.
  7934 | D:9      | 7934 ||| FLEEEEING.
  7935 | D:9      | 7935 ||| FLEEEEING.
  7936 | D:9      | 7936 ||| FLEEEEING.
  7937 | D:9      | 7937 ||| FLEEEEING.
  7938 | D:9      | 7938 ||| FLEEEEING.
  7939 | D:9      | 7939 ||| FLEEEEING.
  7940 | D:9      | 7940 ||| FLEEEEING.
  7941 | D:9      | 7941 ||| FLEEEEING.
  7942 | D:9      | 7942 ||| FLEEEEING.
  7943 | D:9      | 7943 ||| FLEEEEING.
  7944 | D:9      | 7944 ||| FLEEEEING.
  7945 | D:9      | 7945 ||| FLEEEEING.
  7946 | D:9      | 7946 ||| FLEEEEING.
  7947 | D:9      | 7947 ||| FLEEEEING.
  8065 | D:9      | Found a staircase to the Lair.
  8192 | D:9      | 8192 ||| PLANNING LAIR
  8192 | D:9      | 8192 ||| DROPPING amulet of the acrobat.
  8193 | D:9      | 8193 ||| READING 5 scrolls of identify.
  8193 | D:9      | 8193 ||| IDENTIFYING amethyst potion
  8194 | D:9      | 8194 ||| READING 4 scrolls of identify.
  8194 | D:9      | 8194 ||| IDENTIFYING clear potion
  8195 | D:9      | 8195 ||| DROPPING potion of degeneration.
  8196 | D:9      | 8196 ||| DROPPING potion of attraction.
  8247 | Lair:1   | Entered Level 1 of the Lair of Beasts
  8259 | Lair:1   | 8259 ||| INVOKING Fiery Armour.
  8260 | Lair:1   | 8260 ||| Stepping ~*~*~tactically~*~*~ (outnumbered).
  8263 | Lair:1   | 8263 ||| Stepping ~*~*~tactically~*~*~ (outnumbered).
  8264 | Lair:1   | 8264 ||| Stepping ~*~*~tactically~*~*~ (outnumbered).
  8265 | Lair:1   | 8265 ||| Stepping ~*~*~tactically~*~*~ (outnumbered).
  8266 | Lair:1   | 8266 ||| Stepping ~*~*~tactically~*~*~ (outnumbered).
  8269 | Lair:1   | 8269 ||| Stepping ~*~*~tactically~*~*~ (outnumbered).
  8274 | Lair:1   | Reached skill level 12 in Shields
  8311 | Lair:1   | You fall into a shaft and drop 1 floor!
  8431 | Lair:1   | 8431 ||| INVOKING Fiery Armour.
  8475 | Lair:1   | 8475 ||| Stepping ~*~*~tactically~*~*~ (stealth).
  8482 | Lair:1   | 8482 ||| Stepping ~*~*~tactically~*~*~ (stealth).
  8485 | Lair:1   | 8485 ||| Stepping ~*~*~tactically~*~*~ (stealth).
  8491 | Lair:1   | 8491 ||| Stepping ~*~*~tactically~*~*~ (stealth).
  8503 | Lair:1   | 8503 ||| Stepping ~*~*~tactically~*~*~ (outnumbered).
  8504 | Lair:1   | 8504 ||| Stepping ~*~*~tactically~*~*~ (outnumbered).
  8546 | Lair:1   | Noticed Erica
  8550 | Lair:1   | 8550 ||| Stepping ~*~*~tactically~*~*~ (outnumbered).
  8551 | Lair:1   | 8551 ||| Stepping ~*~*~tactically~*~*~ (outnumbered).
  8552 | Lair:1   | 8552 ||| Stepping ~*~*~tactically~*~*~ (outnumbered).
  8553 | Lair:1   | 8553 ||| Stepping ~*~*~tactically~*~*~ (outnumbered).
  8554 | Lair:1   | 8554 ||| Stepping ~*~*~tactically~*~*~ (outnumbered).
  8555 | Lair:1   | 8555 ||| Stepping ~*~*~tactically~*~*~ (outnumbered).
  8569 | Lair:1   | HP: 15/100 [something (11)]
  8570 | Lair:1   | 8570 ||| DRINKING 2 potions of heal wounds.
  8572 | Lair:1   | 8572 ||| DRINKING potion of heal wounds.
  8574 | Lair:1   | HP: 18/100 [poisoned by Erica (bolt of poison)]
  8576 | Lair:1   | HP: 2/100 [something (9)]
  8581 | Lair:1   | HP: 1/100 [something (8)]
  8581 | Lair:1   | Slain by Erica

Levels and vault maps discovered:
D:1:      dpeg_arrival_another_circle, layout_basic,
          hellmonk_ecumenical_altar_watching_god
D:2:      layout_rooms, minmay_fractal_squares_5
D:3:      layout_loops_ring, evilmike_ruin_ashenzari, kennysheep_cluttered_room,
          minmay_misc_feat_diagonals, kennysheep_generic_room_12, uniq_jessica
D:4:      kennysheep_goblin_castle, layout_basic,
          grunt_temple_overflow_bloody_war, mainiacjoe_overflow_24_doors,
          minmay_misc_feat_four_crosses, serial_bayou_pond_d, uniq_edmund,
          uniq_duvessa, uniq_menkaure, uniq_pargi
D:5:      layout_basic, nicolae_specific_store, bh_walls_and_bars
D:6:      layout_gridville, fedhas_ov_isle_minmay, minmay_overflow_temple_hex,
          lightli_ossuary_entry_decrepit_ruins, uniq_eustachio
D:7:      minmay_octagon_keep, layout_basic, minmay_temple_entry_butterflies
D:8:      layout_rooms, nicolae_qazlal_general_emergency,
          nicolae_figureground_sparkle, uniq_grum
D:9:      layout_roguey, lair_entry_dummy
Lair:1:   layout_regular_city, nzn_ghost_randoct, st_stairs_12, disabler_island,
          grunt_megastairs_4, uniq_erica
Lair:2:   layout_concentric_octagons, minmay_shoals_entry_beasts

Skill      XL: |  1  2  3  4  5  6  7  8  9 10 11 |
---------------+----------------------------------+-----
Unarmed Combat | 4 5 6 9 10 11 | 11.1
Shields        | 1 2 4 5 7 9 10 11 12 | 12.6
Dodging        | 1 2 |  2.0
Fighting       | 3 4 |  4.0
Throwing       | 1 |  1.5
Armour         | 2 |  2.9
Spellcasting   | |  1.0
Fire Magic     | |  2.1

Action                   |  1- 3 |  4- 6 |  7- 9 | 10-12 || total
-------------------------+-------+-------+-------+-------++-------
Melee: Unarmed           |   136 |    99 |   427 |   282 ||   944
       Punch             |     1 |       |       |       ||     1
Throw: Boomerang         |       |       |    57 |    39 ||    96
Invok: Fiery Armour      |       |     2 |     6 |     5 ||    13
  Use: Scroll            |     9 |     2 |     9 |     6 ||    26
       Potion            |     1 |       |     5 |     7 ||    13
 Stab: Distracted        |     1 |       |       |       ||     1
       Sleeping          |       |       |     1 |       ||     1
Armor: Robe              |    46 |    19 |    19 |       ||    84
       Animal skin       |       |       |    76 |    30 ||   106
       Skin              |       |       |     1 |       ||     1
       Troll leather arm |       |       |       |    34 ||    34
Dodge: Dodged            |    55 |     7 |    65 |    42 ||   169
Block: Tower shield      |    20 |    66 |   401 |   343 ||   830
       Reflection        |       |     2 |    13 |     1 ||    16

Table legend:
 A = Non-vault XP
 B = Vault XP
 C = Vault XP percentage of total XP
 D = Non-vault monster count
 E = Vault monster count
 F = Vault count percentage of total count
                 A         B        C        D         E       F
            +---------+---------+-------+---------+---------+-------
      Total |   12716 |    4224 |  24.9 |     206 |      96 |  31.8
            +---------+---------+-------+---------+---------+-------
        D:1 |      58 |       0 |   0.0 |      36 |       0 |   0.0
        D:2 |      71 |       7 |   9.0 |      19 |       2 |   9.5
        D:3 |      48 |      51 |  51.5 |      21 |       3 |  12.5
        D:4 |     293 |     751 |  71.9 |      12 |      27 |  69.2
        D:5 |     624 |       0 |   0.0 |      17 |       0 |   0.0
        D:6 |     796 |     197 |  19.8 |      17 |       1 |   5.6
        D:7 |     264 |     975 |  78.7 |      11 |      16 |  59.3
        D:8 |    3194 |     438 |  12.1 |      34 |       3 |   8.1
        D:9 |    4008 |       0 |   0.0 |      26 |       0 |   0.0
     Lair:1 |    3150 |    1365 |  30.2 |      12 |       6 |  33.3
     Lair:2 |     210 |       0 |   0.0 |       1 |       0 |   0.0
    Ossuary |       0 |     440 | 100.0 |       0 |      38 | 100.0
            +---------+---------+-------+---------+---------+-------
